 Dungeon Crawl Stone Soup version 0.29-a0-231-g945431f764 (webtiles) character file.

Game seed: 6545269419445345913

168753 Morbidden the Eclecticist (level 17, -7/146 HPs)
             Began as a Red Draconian Conjurer on Feb 27, 2022.
             Was a High Priest of Vehumet.
             Mangled by a +1 scimitar of holy wrath (23 damage)
             ... on level 1 of the Elven Halls on Feb 28, 2022.
             The game lasted 01:22:09 (50952 turns).

Morbidden the Eclecticist (Red Draconian Conjurer) Turns: 50952, Time: 01:22:09

Health: -7/146     AC: 13    Str: 14    XL:     17   Next: 9%
Magic:  2/36       EV: 23    Int: 24    God:    Vehumet [*****.]
Gold:   1228       SH: 13    Dex: 20    Spells: 16/47 levels left

rFire   + + +      SeeInvis .   a - +0 demon whip (venom)
rCold   + . .      Faith    .   w - +2 shield of Resistance {rF++ rC++ Will++}
rNeg    + . .      Spirit   .   (body armour unavailable)
rPois   +          Reflect  .   G - +0 hat "Naghuenn" {Dex+3}
rElec   .          Harm     .   X - scarf {repulsion}
rCorr   .          Rampage  .   y - +1 pair of gloves
Will    ++++.                   P - +1 pair of boots of Qosetuf {Will+}
Stlth   +++.......              H - amulet of regeneration
HPRegen 1.14/turn               Z - ring of the Hare {EV+8}
MPRegen 0.25/turn               O - ring of the Will of the Gods {rPois rC- rN+ Str+2 Dex+9}

@: repel missiles
A: breathe fire, AC +9, unfitting armour, fire resistance 1, cold-blooded,
clumsy 1
}: 1/15 runes: decaying
a: Breathe Fire, Renounce Religion


You were on level 1 of the Elven Halls.
You worshipped Vehumet.
Vehumet was extremely pleased with you.
You visited 5 branches of the dungeon, and saw 28 of its levels.
You also visited: Ossuary.

You collected 4105 gold pieces.
You spent 2877 gold pieces at shops.

Inventory:

Hand Weapons
 a - a +0 demon whip of venom (weapon)
 B - a +3 double sword
Missiles
 d - 3 throwing nets
 m - 5 boomerangs
 x - 3 curare-tipped darts (quivered)
 C - 37 poisoned darts
 S - 10 javelins
Armour
 w - the +2 shield of Resistance (worn) {rF++ rC++ Will++}
   (You bought it in a shop on level 12 of the Dungeon)

   rF:        It greatly protects you from fire.
   rC:        It greatly protects you from cold.
   Will:      It greatly increases your willpower.
 y - a +1 pair of gloves (worn)
 G - the +0 hat "Naghuenn" (worn) {Dex+3}
   (You found it on level 7 of the Dungeon)

   Dex:       It affects your dexterity (+3).
 P - the +1 pair of boots of Qosetuf (worn) {Will+}
   (You found it on level 4 of the Swamp)

   Will:      It increases your willpower.
 X - a scarf of repulsion (worn)
Jewellery
 H - an amulet of regeneration (around neck)
 O - the ring of the Will of the Gods (right hand) {rPois rC- rN+ Str+2 Dex+9}
   (You found it on level 1 of the Lair of Beasts)

   [ring of positive energy]

   Str:       It affects your strength (+2).
   Dex:       It affects your dexterity (+9).
   rC:        It makes you vulnerable to cold.
   rPois:     It protects you from poison.
   rN:        It protects you from negative energy.
 U - the ring of Suspicion {rN+++ EV+4 Int-4 SInv Stlth+}
   (You found it on level 3 of the Lair of Beasts)

   [ring of evasion]

   EV:        It affects your evasion (+4).
   Int:       It affects your intelligence (-4).
   rN:        It renders you almost immune to negative energy.
   SInv:      It lets you see invisible.
   Stlth:     It makes you more stealthy.
 V - a ring of protection from cold
 W - a ring of protection from cold
 Z - the ring of the Hare (left hand) {EV+8}
   (You took it off a boggart on level 14 of the Dungeon)

   [ring of evasion]

   EV:        It affects your evasion (+8).
Wands
 p - a wand of flame (63)
 u - a wand of digging (20)
 v - a wand of acid (15)
 E - a wand of paralysis (29)
 J - a wand of polymorph (3)
 L - a wand of iceblast (25)
Scrolls
 c - 3 scrolls of blinking
 e - 2 scrolls of enchant armour
 f - 18 scrolls of identify
 g - 4 scrolls of fog
 h - 13 scrolls of teleportation
 j - 6 scrolls of fear
 l - 5 scrolls of immolation
 q - 2 scrolls of enchant weapon
 A - 9 scrolls of amnesia
 Q - a scroll of torment
 T - a scroll of summoning
 Y - 2 scrolls of magic mapping
Potions
 b - 4 potions of brilliance
 i - 3 potions of resistance
 k - 7 potions of curing
 n - 4 potions of heal wounds
 o - 2 potions of haste
 r - a potion of flight
 s - 7 potions of might
 t - 4 potions of mutation
 z - 2 potions of magic
 D - 4 potions of lignification
 I - a potion of invisibility
 K - 5 potions of cancellation
 M - 2 potions of ambrosia
 N - a potion of berserk rage
Miscellaneous
 F - a condenser vane (inert)


   Skills:
 * Level 11.9 Fighting
 + Level 3.1(3.6) Short Blades
 + Level 2.6(3.3) Long Blades
 + Level 6.0 Maces & Flails
 + Level 1.5 Throwing
 * Level 7.2 Dodging
 + Level 4.4 Stealth
 * Level 5.6 Shields
 + Level 2.5 Unarmed Combat
 * Level 15.9 Spellcasting
 + Level 13.5 Conjurations
 + Level 0.3 Hexes
 + Level 5.6 Translocations
 * Level 7.0 Transmutations
 * Level 6.6 Fire Magic
 + Level 9.6 Air Magic
 * Level 6.9 Earth Magic
 * Level 3.8 Evocations


You had 16 spell levels left.
You knew the following spells:

 Your Spells              Type           Power      Damage    Failure   Level
a - Fireball              Conj/Fire      30%        3d13      1%          5
b - Airstrike             Air            30%        N/A       1%          4
c - Fulminant Prism       Conj/Hex       25%        3d14      1%          4
d - Magic Dart            Conj           100%       1d8       1%          1
e - Foxfire               Conj/Fire      100%       2x1d9     1%          1
f - Statue Form           Tmut/Erth      34%        N/A       56%         6
g - Searing Ray           Conj           100%       2d8       1%          2
x - Sticky Flame          Conj/Fire      61%        2d8       1%          4
z - Iskenderun's Mystic   Conj/Tloc      60%        2d13      1%          4

Your spell library contained the following spells:

 Spells                   Type           Power      Damage    Failure   Level
 Starburst                Conj/Fire      30%        6d9       5%          6
 Sandblast                Erth           100%       2d20      1%          1
 Corpse Rot               Necr/Air       84%        N/A       1%          2
 Passwall                 Tmut/Erth      42%        N/A       1%          2
 Poisonous Vapours        Pois/Air       84%        N/A       1%          2
 Static Discharge         Conj/Air       66%        N/A       1%          2
 Wereblood                Tmut           52%        N/A       1%          2
 Conjure Flame            Conj/Fire      61%        6-21      1%          3
 Dazzling Flash           Conj/Hex       100%       N/A       1%          3
 Ignite Poison            Fire/Tmut/Pois 41%        N/A       1%          3
 Mephitic Cloud           Conj/Pois/Air  54%        N/A       1%          3
 Stone Arrow              Conj/Erth      100%       3d13      1%          3
 Irradiate                Conj/Tmut      31%        3d24      1%          5
 Gell's Gravitas          Tloc           46%        N/A       2%          3
 Lesser Beckoning         Tloc           46%        N/A       2%          3
 Teleport Other           Tloc           46%        N/A       2%          3
 Lee's Rapid Deconstruct  Erth           25%        3d15*     3%          5
 Conjure Ball Lightning   Conj/Air       33%        3x3d11    3%          6
 Portal Projectile        Hex/Tloc       66%        N/A       7%          3
 Call Imp                 Summ           19%        N/A       12%         2
 Blade Hands              Tmut           26%        N/A       12%         5
 Yara's Violent Unravell  Hex/Tmut       18%        3d9       13%         5
 Leda's Liquefaction      Hex/Erth       18%        N/A       19%         4
 Confusing Touch          Hex            20%        N/A       22%         3
 Summon Guardian Golem    Hex/Summ       19%        N/A       22%         3
 Call Canine Familiar     Summ           19%        N/A       24%         3
 Ozocubu's Armour         Ice            19%        N/A       24%         3
 Dispel Undead            Necr           19%        3d11      63%         4
 Summon Ice Beast         Ice/Summ       19%        N/A       63%         4
 Dispersal                Tloc           23%        N/A       75%         6
 Summon Mana Viper        Hex/Summ       19%        N/A       91%         5
 Dragon Form              Tmut           26%        N/A       98%         7
 Summon Cactus Giant      Summ           9%         N/A       100%        6
 Enfeeble                 Hex            10%        N/A       100%        7
 Monstrous Menagerie      Summ           9%         N/A       100%        7
 Ozocubu's Refrigeration  Ice            9%         4d6       100%        7
 Summon Hydra             Summ           9%         N/A       100%        7
 Discord                  Hex            10%        N/A       100%        8
 Disjunction              Tloc           23%        N/A       100%        8


Dungeon Overview and Level Annotations

Branches:
Dungeon (15/15)            Temple (0/1) D:7            Lair (6/6) D:10
  Swamp (4/4) Lair:4       Spider (0/4) Lair:4        Slime (0/5) Lair:6
    Orc (2/2) D:9             Elf (1/3) Orc:2        Vaults (0/5) D:14
 Depths (0/4) D:15        Ossuary (visited)

Altars:
Makhleb
Trog
Vehumet
Xom
Beogh
Jiyva

Shops:
D:2 ?   D:5 (   D:10 ((?   D:12 *   Orc:1 !   Orc:2 =(*[!

Annotations:
D:12 1 runed translucent door, Duximpin's ghost, journeyman MiBe
Lair:2 2 transporters, Wuw Late's ghost, journeyman GrEE
Lair:3 3 runed translucent doors, Tutuygh's ghost, journeyman KoWr
Lair:5 1 runed translucent door, Dutif's ghost, journeyman OpVM
Lair:6 4 runed translucent doors, dricus's ghost, journeyman GnWn


Innate Abilities, Weirdness & Mutations

You can breathe blasts of fire.
Your fiery red scales are hard. (AC +9)
You cannot fit into any form of body armour.
Your flesh is heat resistant. (rF+)
You are cold-blooded and may be slowed by cold attacks.
You are clumsy. (Dex -2)


Message History

Unknown command.
Unknown command.
The water elemental burns!
Unknown command.
Unknown command.
The water elemental burns!
The +1 scimitar of holy wrath closely misses you.
Unknown command.
Unknown command.
The water elemental burns!
Unknown command.
A water elemental comes into view.
Found a wand of acid (2).
The water elemental burns!
You destroy the water elemental!
Vehumet accepts your kill.
You feel your power returning.
You block the +1 scimitar of holy wrath's attack.
Unknown command.
The +1 scimitar of holy wrath hits you!!
* * * LOW HITPOINT WARNING * * *
You block the +1 scimitar of holy wrath's attack.
The +1 scimitar of holy wrath completely misses you.
Casting: Sticky Flame (safe; 1% risk of failure)
Confirm with . or Enter, or press ? or * to list all spells.
Aiming: Sticky Flame (safe; 1% risk of failure)
Press: ? - help, Shift-Dir - straight line, f - +1 scimitar of holy wrath
Aim: a +1 scimitar of holy wrath (lightly damaged, 100% to hit)
The sticky flame hits the +1 scimitar of holy wrath but does no damage.
The +1 scimitar of holy wrath is lightly damaged.
The +1 scimitar of holy wrath is covered in liquid flames!
You block the +1 scimitar of holy wrath's attack.
Unknown command.
The deep elf zephyrmancer casts a spell at you.
The bolt of lightning hits the +1 scimitar of holy wrath.
The +1 scimitar of holy wrath completely resists.
The bolt of lightning misses you. The +1 scimitar of holy wrath hits you!
* * * LOW HITPOINT WARNING * * *
The +1 scimitar of holy wrath burns!
The +1 scimitar of holy wrath hits you!!
You die...

#. #.# ### .# #.##..##
.# #.#....#
...#####.......##.#
./.........# ...#.##
#.##...# #.....#
#.#...E####.....#
#..e....##......##
##..##...(@...##..##
#..####..##..## #..#
#..## #.#..#.####..#
#...##..#[.#..##..##
#.........##......##
###
........##....##..##
#..
.........####[.####.##
#.#+#+#+ ..)........#
#.. ##..##..#e#.#.
............ #...
#...#.########


You could see a water elemental, a deep elf zephyrmancer and a +1 scimitar of
holy wrath (burning).

Vanquished Creatures
  Jorgrun (Orc:2)
  5 thorn hunters
  Kirke (Lair:4)
  4 fenstrider witches (Swamp:4)
  An orc warlord (Orc:1)
  3 ghouls
  A reaper (Swamp:4)
  A dire elephant (Lair:4)
  A deep elf demonologist (Elf:1)
  3 eleionomae
  3 bunyips
  Snorg (D:12)
  2 shambling mangroves
  Fannar (D:10)
  A green death (Swamp:4)
  2 fire dragons
  4 boulder beetles
  A ghost crab (Swamp:2)
  20 hydras
  5 two-headed ogres
  An ogre mage (D:14)
  12 alligators
  2 centaur warriors
  2 death knights (D:15)
  Urug (Lair:2)
  An orc high priest (Orc:2)
  A vampire mage (D:15)
  2 dancing weapons
  A soul eater (Swamp:4)
  Amaemon (D:8)
  5 deep elf knights (Elf:1)
  7 skeletal warriors
  2 sixfirhies (Swamp:4)
  5 goliath frogs
  A death drake (Swamp:4)
  2 wizards
  8 swamp dragons
  5 spriggan druids (Swamp:4)
  Pikel (D:4)
  4 bog bodies
  10 deep elf zephyrmancers
  A lindwurm (Lair:6)
  A necromancer (D:15)
  2 deep elf archers (Elf:1)
  6 orc knights
  14 deep elf pyromancers
  5 elephants
  A fire giant zombie (D:15)
  8 orc sorcerers
  A frost giant zombie (D:15)
  3 will-o-the-wisps
  7 ugly things
  A manticore (D:14)
  An oklob plant (Lair:4)
  7 cyclopes
  5 black mambas
  4 centaur skeletons (D:14)
  2 gargoyles (D:11)
  Maggie (D:8)
  6 torpor snails (Lair:6)
  6 komodo dragons
  12 cane toads
  2 orange demons
  3 rime drakes
  A freezing wraith (D:15)
  2 hellwings (Swamp:4)
  A redback zombie (D:14)
  A guardian mummy (D:15)
  A bloated husk (Swamp:2)
  6 trolls
  11 tyrant leeches
  A slime creature (D:10)
  A tarantella (shapeshifter) (Elf:1)
  20 hornets
  Prince Ribbit (D:9)
  3 polar bears
  10 blink frogs
  2 spriggan zombies (D:15)
  2 dream sheep (Lair:6)
  2 jumping spiders (Lair:4)
  4 vampires
  2 shadows
  8 wraiths
  7 wyverns
  A water elemental (Elf:1)
  5 spriggans
  22 yaks
  4 hogs
  Grum (D:9)
  9 vampire mosquitoes
  A redback (Lair:4)
  3 basilisks
  A neqoxec (Swamp:4)
  4 steam dragons
  A chaos spawn (Swamp:4)
  A warg (Orc:2)
  13 water moccasins
  4 acid dragons
  16 swamp worms
  An ice beast (D:5)
  3 black bears
  29 orc warriors
  2 swamp drakes
  2 sky beasts
  9 ogres
  18 centaurs
  A lemure (D:4)
  9 wolves
  2 boggarts
  A phantom (D:4)
  10 kobold brigands
  A necrophage (Swamp:3)
  4 gnoll sergeants
  12 bullfrogs
  A scorpion (D:6)
  11 killer bees
  14 wights
  5 howler monkeys
  10 electric eels
  A crimson imp (D:3)
  9 hounds
  2 jellies
  4 gnoll shamans
  3 centaur zombies
  A human zombie (Ossuary)
  16 orc priests
  Natasha (thrice) (D:3)
  2 iguanas
  27 orc wizards
  3 mummies
  16 gnolls
  6 adders
  4 shadow imps
  2 white imps
  2 worms (D:3)
  3 dart slugs
  54 orcs
  3 bats
  11 endoplasms
  3 giant cockroaches
  3 gnoll zombies (Ossuary)
  6 goblins
  5 hobgoblins
  2 jackals (D:3)
  4 quokkas
  4 ball pythons
  2 frilled lizards
  3 goblin zombies (Ossuary)
  3 hobgoblin zombies
  16 kobolds
  5 orc zombies
  3 rats
  6 briar patches (Swamp:4)
  2 butterflies (Lair:6)
790 creatures vanquished.

Vanquished Creatures (collateral kills)
  2 foxfires (Lair:2)
2 creatures vanquished.

Vanquished Creatures (others)
  A hydra (Swamp:2)
  A tyrant leech (Swamp:2)
  A fire elemental (Orc:2)
  A water moccasin (Lair:4)
  A jelly (D:7)
  An orc priest (Orc:2)
  A gnoll (D:8)
  An orc (Orc:2)
  6 briar patches (Swamp:4)
  219 foxfires
  8 fulminant prisms
  39 fungi
  94 plants
  6 withered plants
380 creatures vanquished.

Grand Total: 1172 creatures vanquished

Notes
Turn   | Place    | Note
-------+----------+-------------------------------------------
     0 | D:1      | Morbidden the Draconian Conjurer began the quest for the
                  | Orb.
     0 | D:1      | Reached XP level 1. HP: 14/14 MP: 3/3
   617 | D:1      | Reached XP level 2. HP: 20/20 MP: 0/5
   704 | D:1      | Found a faded altar of an unknown god.
  1412 | D:1      | Learned a level 2 spell: Searing Ray
  2008 | D:1      | HP: 1/20 [gnoll/+0 flail (10)]
  2011 | D:1      | Reached XP level 3. HP: 2/27 MP: 2/6
  2598 | D:2      | Reached skill level 1 in Fighting
  2822 | D:2      | Found Zyrisk's Magic Scroll Boutique.
  2833 | D:2      | Bought a scroll of magic mapping for 42 gold pieces
  2833 | D:2      | Bought a scroll of teleportation for 36 gold pieces
  3115 | D:2      | Reached skill level 5 in Conjurations
  3154 | D:3      | Noticed Natasha
  3159 | D:3      | Killed Natasha
  3160 | D:3      | Reached XP level 4. HP: 23/35 MP: 1/8
  3578 | D:3      | Reached skill level 3 in Spellcasting
  3578 | D:3      | Reached XP level 5. HP: 40/40 MP: 2/9
  3981 | D:3      | Noticed Natasha
  3984 | D:3      | Killed Natasha
  4062 | D:3      | Found a burning altar of Makhleb.
  4105 | D:3      | Found a radiant altar of Vehumet.
  4184 | D:3      | Noticed Natasha
  4188 | D:3      | Killed Natasha
  4363 | D:4      | Reached XP level 6. HP: 40/48 MP: 8/11
  4645 | D:4      | Noticed Pikel
  4665 | D:4      | Killed Pikel
  4666 | D:4      | Reached skill level 1 in Short Blades
  4666 | D:4      | Reached skill level 4 in Spellcasting
  4666 | D:4      | Your scales start taking on a fiery red colour.
  4666 | D:4      | Reached XP level 7. HP: 20/56 MP: 2/14
  4666 | D:4      | Gained mutation: Your flesh is heat resistant. (rF+) [Red
                  | Draconian growth]
  5032 | D:4      | Reached skill level 5 in Spellcasting
  5809 | D:5      | Entered Level 5 of the Dungeon
  5848 | D:5      | Reached XP level 8. HP: 60/63 MP: 9/16
  6062 | D:5      | Reached skill level 6 in Spellcasting
  6314 | D:5      | Learned a level 4 spell: Iskenderun's Mystic Blast
  6414 | D:3      | Became a worshipper of Vehumet
  6616 | D:5      | Reached skill level 7 in Spellcasting
  7032 | D:5      | Found Okiaggaf's Antique Weapon Boutique.
  7212 | D:6      | Reached XP level 9. HP: 72/72 MP: 13/19
  8344 | D:7      | Reached skill level 1 in Translocations
  8499 | D:7      | Noticed a cyclops
  8512 | D:7      | Reached skill level 5 in Fighting
  8512 | D:7      | Reached skill level 8 in Spellcasting
  8516 | D:7      | Reached * piety under Vehumet
  8516 | D:7      | Offered knowledge of Freeze by Vehumet.
  8522 | D:7      | Killed a cyclops
  8841 | D:7      | Found a staircase to the Ecumenical Temple.
  8850 | D:7      | Reached XP level 10. HP: 78/81 MP: 13/22
  9358 | D:7      | Learned a level 4 spell: Fulminant Prism
  9406 | D:7      | Identified the +4 hand crossbow "Cotto" {penet, rElec Dex+4
                  | SInv}
  9422 | D:7      | Reached skill level 9 in Spellcasting
 10385 | D:7      | Identified the +0 hat "Naghuenn" {Dex+3}
 10472 | D:8      | Noticed Maggie
 10479 | D:8      | Reached ** piety under Vehumet
 10479 | D:8      | Offered knowledge of Foxfire by Vehumet.
 10484 | D:8      | Reached skill level 10 in Conjurations
 10488 | D:8      | Killed Maggie
 10558 | D:8      | Noticed an orange demon
 10638 | D:8      | Found a sand-covered staircase.
 10977 | Ossuary  | Entered an ossuary
 11160 | Ossuary  | Learned a level 1 spell: Foxfire
 11331 | D:8      | Noticed Amaemon
 11334 | D:8      | Killed an orange demon
 11335 | D:8      | Reached skill level 10 in Spellcasting
 11426 | D:8      | Offered knowledge of Scorch by Vehumet.
 11870 | D:8      | Killed Amaemon
 11871 | D:8      | Reached XP level 11. HP: 40/89 MP: 25/25
 12799 | D:9      | Noticed a two-headed ogre
 12817 | D:9      | Killed a two-headed ogre
 12818 | D:9      | Reached skill level 1 in Maces & Flails
 13199 | D:9      | Reached *** piety under Vehumet
 13438 | D:9      | Noticed Grum
 13445 | D:9      | Killed Grum
 14062 | D:9      | Reached skill level 1 in Fire Magic
 15055 | D:9      | Noticed Prince Ribbit
 15069 | D:9      | Killed Prince Ribbit
 15292 | D:9      | Found a staircase to the Orcish Mines.
 15324 | D:9      | Offered knowledge of Airstrike by Vehumet.
 15487 | D:9      | Learned a level 4 spell: Airstrike
 15641 | D:10     | Entered Level 10 of the Dungeon
 15675 | D:10     | Found Neuwn's Magic Scroll Shop.
 15700 | D:10     | Bought a scroll of acquirement for 884 gold pieces
 15700 | D:10     | Acquired 485 gold pieces
 15793 | D:10     | Noticed an eight-headed hydra
 15800 | D:10     | Killed an eight-headed hydra
 15842 | D:10     | Noticed a fire dragon
 16067 | D:10     | Reached skill level 1 in Air Magic
 16526 | D:10     | Reached skill level 5 in Translocations
 17020 | D:10     | Found a staircase to the Lair.
 17021 | D:10     | Noticed Fannar
 17030 | D:10     | Killed Fannar
 17235 | D:10     | Killed a fire dragon
 17236 | D:10     | Reached skill level 11 in Spellcasting
 17236 | D:10     | Reached XP level 12. HP: 67/100 MP: 9/27
 17504 | D:10     | Noticed a two-headed ogre
 17565 | D:10     | Killed a two-headed ogre
 17825 | D:10     | Found Tyxul's Antique Weapon Boutique.
 17828 | D:10     | Bought a runed double sword for 522 gold pieces
 18492 | D:10     | Reached **** piety under Vehumet
 18494 | D:10     | Offered knowledge of Sticky Flame by Vehumet.
 18804 | D:10     | Found Mythu's Weapon Boutique.
 19880 | D:11     | Noticed a two-headed ogre
 19885 | D:11     | Killed a two-headed ogre
 19886 | D:11     | Reached skill level 5 in Air Magic
 21315 | D:12     | Found a runed translucent door.
 21316 | D:12     | Found a shimmering altar of Xom.
 21316 | D:12     | Noticed Duximpin's ghost (journeyman MiBe)
 21317 | D:12     | Identified the +5 war axe "Riabud" {chaos, *Noise Int+3
                  | Dex+4}
 21347 | D:12     | Reached skill level 12 in Spellcasting
 21440 | D:12     | Noticed Snorg
 21473 | D:12     | Killed Snorg
 21551 | D:12     | Found Pipapn's General Store.
 21918 | D:12     | Noticed a two-headed ogre
 21925 | D:12     | Killed a two-headed ogre
 22180 | D:13     | Noticed a boulder beetle
 22490 | D:13     | Killed a boulder beetle
 23411 | Lair:1   | Entered Level 1 of the Lair of Beasts
 23439 | Lair:1   | Reached XP level 13. HP: 104/108 MP: 29/29
 23501 | Lair:1   | Identified the ring of the Will of the Gods {rPois rC- rN+
                  | Str+2 Dex+9}
 23643 | Lair:1   | Reached skill level 1 in Long Blades
 23857 | Lair:1   | Got The Foundations of Spellweaving
 24361 | Lair:1   | Learned a level 4 spell: Sticky Flame
 25046 | Lair:2   | Noticed Urug
 25053 | Lair:2   | Killed Urug
 25154 | Lair:2   | Found a transporter.
 25160 | Lair:2   | Noticed Wuw Late's ghost (journeyman GrEE)
 25163 | Lair:2   | Found a bloodstained altar of Trog.
 25287 | Lair:2   | Found a transporter.
 25635 | Lair:3   | Found a runed translucent gate.
 25636 | Lair:3   | Found a runed translucent gate.
 25637 | Lair:3   | Found a runed translucent gate.
 26506 | Lair:3   | Identified the ring of Suspicion {rN+++ EV+4 Int-4 SInv
                  | Stlth+}
 26883 | Lair:3   | Noticed Tutuygh's ghost (journeyman KoWr)
 27214 | Lair:4   | Reached skill level 13 in Spellcasting
 27403 | Lair:4   | Found a hole to the Spider Nest.
 27641 | Lair:4   | Noticed Kirke
 27651 | Lair:4   | Noticed a sphinx
 27732 | Lair:4   | Killed Kirke
 27928 | Lair:4   | Noticed a dire elephant
 27968 | Lair:4   | Killed a dire elephant
 28190 | Lair:4   | Learned a level 6 spell: Statue Form
 28446 | Lair:4   | Found a staircase to the Swamp.
 28703 | Lair:4   | Reached skill level 1 in Unarmed Combat
 28706 | Lair:4   | Reached skill level 1 in Transmutations
 28714 | Lair:4   | Reached skill level 5 in Dodging
 28714 | Lair:4   | Reached skill level 1 in Earth Magic
 29525 | Lair:5   | Reached XP level 14. HP: 40/118 MP: 5/31
 29990 | Lair:5   | Found a runed translucent door.
 29991 | Lair:5   | Identified the +7 spear of Urgency {vorpal, MP+9 Str+2}
 29993 | Lair:5   | Noticed Dutif's ghost (journeyman OpVM)
 30381 | Lair:6   | Entered Level 6 of the Lair of Beasts
 31002 | Lair:6   | Reached ***** piety under Vehumet
 31517 | Lair:6   | Found a runed translucent door.
 31517 | Lair:6   | Found a viscous altar of Jiyva.
 31517 | Lair:6   | Noticed an acid blob
 31519 | Lair:6   | Found a staircase to the Slime Pits.
 31519 | Lair:6   | Noticed an acid blob
 31877 | Lair:6   | Found a runed translucent door.
 31966 | Lair:6   | Offered knowledge of Freezing Cloud by Vehumet.
 32335 | Lair:6   | Reached skill level 1 in Throwing
 32758 | Lair:6   | Reached skill level 14 in Spellcasting
 32789 | Lair:6   | Identified the +11 broad axe "Grum" {vorpal, rElec rPois
                  | Str-3 Stlth-}
 33073 | Lair:6   | Found a runed translucent gate.
 33073 | Lair:6   | Found a runed translucent gate.
 33073 | Lair:6   | Found a runed translucent gate.
 33074 | Lair:6   | Noticed dricus's ghost (journeyman GnWn)
 33218 | Lair:6   | Noticed an acid blob
 33410 | D:12     | Bought the +2 shield of Resistance {rF++ rC++ Will++} for
                  | 1168 gold pieces
 33410 | D:12     | Found the +2 shield of Resistance {rF++ rC++ Will++}
 34121 | D:14     | Reached skill level 10 in Fighting
 34565 | D:14     | Noticed a ghoul
 36223 | D:14     | Killed a ghoul
 36408 | D:14     | Found a gate to the Vaults.
 36521 | D:15     | Entered Level 15 of the Dungeon
 36631 | D:14     | Upgraded the game from 0.29-a0-222-g5b244fca1f to
                  | 0.29-a0-231-g945431f764
 36887 | D:15     | Found a staircase to the Depths.
 36935 | D:15     | Reached skill level 1 in Shields
 36936 | D:15     | Reached XP level 15. HP: 62/126 MP: 33/33
 36938 | D:15     | Offered knowledge of Fireball by Vehumet.
 38596 | D:9      | Learned a level 5 spell: Fireball
 38601 | Orc:1    | Entered Level 1 of the Orcish Mines
 38776 | Orc:1    | Found Luesarum's Distillery.
 39010 | Orc:1    | Reached skill level 5 in Maces & Flails
 39179 | Orc:2    | Entered Level 2 of the Orcish Mines
 39822 | Orc:2    | Noticed an orc warlord
 40027 | Orc:1    | Killed an orc warlord
 40437 | Orc:2    | Found Muumn's Antique Armour Shop.
 40465 | Orc:2    | Found Irytselo's General Store.
 40661 | Orc:2    | Found a staircase to the Elven Halls.
 40674 | Orc:2    | Found Veoqass's Distillery.
 40682 | Orc:2    | Bought a potion of heal wounds for 75 gold pieces
 40682 | Orc:2    | Bought a potion of heal wounds for 75 gold pieces
 40682 | Orc:2    | Bought a potion of heal wounds for 75 gold pieces
 40771 | Orc:2    | Found Itirub's Antique Weapon Shop.
 41162 | Orc:2    | Found Kygosch's Jewellery Shop.
 41388 | Swamp:1  | Entered Level 1 of the Swamp
 41406 | Swamp:1  | Noticed a thorn hunter
 41407 | Swamp:1  | Reached skill level 5 in Transmutations
 41415 | Swamp:1  | Killed a thorn hunter
 41416 | Swamp:1  | Reached skill level 5 in Earth Magic
 41583 | Swamp:1  | Reached skill level 15 in Spellcasting
 41918 | Swamp:1  | Offered knowledge of Lightning Bolt by Vehumet.
 44348 | Swamp:3  | Noticed a thorn hunter
 44353 | Swamp:3  | Killed a thorn hunter
 44358 | Swamp:3  | Reached XP level 16. HP: 137/137 MP: 6/35
 44393 | Swamp:3  | Reached skill level 1 in Evocations
 44935 | Swamp:4  | Entered Level 4 of the Swamp
 46526 | Swamp:4  | Gained mutation: You are clumsy. (Dex -2) [a neqoxec]
 46533 | Swamp:4  | Noticed a thorn hunter
 46547 | Swamp:4  | Reached skill level 5 in Fire Magic
 46547 | Swamp:4  | Killed a thorn hunter
 46848 | Swamp:4  | Noticed a thorn hunter
 46859 | Swamp:4  | Killed a thorn hunter
 46860 | Swamp:4  | Reached skill level 5 in Shields
 47545 | Swamp:4  | Identified the +1 pair of boots of Qosetuf {Will+}
 47634 | Swamp:4  | Noticed a thorn hunter
 47660 | Swamp:4  | Killed a thorn hunter
 48137 | Swamp:4  | Got a decaying rune of Zot
 48556 | Elf:1    | Entered Level 1 of the Elven Halls
 48590 | Elf:1    | Noticed Jorgrun
 49126 | Orc:2    | Killed Jorgrun
 49185 | Elf:1    | Offered knowledge of Starburst by Vehumet.
 49980 | Elf:1    | Reached XP level 17. HP: 122/146 MP: 7/36
 50866 | Elf:1    | Got the Almanac of Companions
 50952 | Elf:1    | Mangled by a +1 scimitar of holy wrath

Illustrated notes

Levels and vault maps discovered:
D:1:      dpeg_arrival_solitude, layout_loops_corners,
          nicolae_ecumenical_lake_church
D:2:      layout_basic, serial_shops, shop
D:3:      layout_loops_ring, grunt_temple_overflow_lords_of_destruction,
          uniq_natasha
D:4:      layout_loops_ring, chequers_jeans, uniq_pikel
D:5:      layout_basic, serial_shops, nicolae_shop_behind_doors
D:6:      minmay_skewed_foursquare, layout_basic
D:7:      nzn_winding_woodlands_large [nzn_winding_woodlands_5x5_perimeter,
          nzn_winding_woodlands_5x15_sidewinder,
          nzn_winding_woodlands_5x5_three,
          nzn_winding_woodlands_center_diamonds,
          nzn_winding_woodlands_15x15_eel_pit,
          nzn_winding_woodlands_center_garden,
          nzn_winding_woodlands_5x5_open_star,
          nzn_winding_woodlands_5x15_lazy_stream,
          nzn_winding_woodlands_5x5_default], layout_rooms,
          minmay_temple_entry_overgrown
D:8:      layout_rooms, nicolae_ossuary_entry_giza, uniq_maggie, uniq_amaemon
D:9:      minmay_polygon_palace, layout_loops_ring, uniq_grum,
          uniq_prince_ribbit1
D:10:     minmay_quarter_circles, layout_basic, lair_entry_dummy, serial_shops,
          kennysheep_mini, nicolae_shop_statue_plus, kennysheep_mini_moat,
          kennysheep_generic_room_2, uniq_fannar
D:11:     layout_basic, interstate_on_off
D:12:     layout_long_grid, ebering_ghost_xom, serial_glass, glass_columns_a,
          glass_columns_b, minmay_strange_pillars, due_unseen_surprise,
          minmay_strange_pillars, serial_shops, nicolae_shop_waterfront,
          uniq_snorg
D:13:     layout_irregular_city
D:14:     layout_roguey, hangedman_vaults_entry_quadrant_bands, serial_undead,
          serial_undead_c, serial_undead_e, serial_undead_e, serial_undead_b
D:15:     gammafunk_depths_entry_grave, layout_long_grid,
          hangedman_decor_clover_reticule
Lair:1:   layout_loops_ring, st_stairs_12
Lair:2:   layout_roguey, gammafunk_ghost_wrathful_warriors, patterned_corridor,
          infiniplex_staircase_pool, uniq_urug
Lair:3:   layout_cave_pods, ebering_ghost_rock_garden, serial_bayou_shore_a,
          lemuel_fruit_tree
Lair:4:   layout_loops_ring, minmay_swamp_entry_reptiles, spider_nest_entry_a,
          nicolae_lair_grazing_beasts [nicolae_sub_lair_graze_edge,
          nicolae_sub_lair_graze_edge, nicolae_sub_lair_graze_edge,
          nicolae_sub_lair_graze_edge], uniq_kirke
Lair:5:   layout_regular_city, ebering_ghost_funeral_grove, beast_lair_carwin_11
Lair:6:   wormcave, layout_cave_pods, slime_altar_2, ebering_ghost_rock_garden,
          minmay_shattered_shrine, lemuel_fruit_fields
Swamp:1:  layout_falls_marsh, evilmike_swamp_ruin_house_6
Swamp:2:  layout_falls_marsh, evilmike_swamp_ruin_rubble_2
Swamp:3:  nicolae_swamp_ascending_descending, layout_basic_swamp,
          evilmike_swamp_ruin_rubble_1
Swamp:4:  nzn_swamp_witches_coven, layout_basic_swamp, swamp_pool1,
          nicolae_swamp_stuck_in_the_mud
Orc:1:    layout_caves, serial_shops, nicolae_shop_statue_plus,
          guppyfry_library_mini
Orc:2:    grunt_orc_cross, layout_caves, serial_shops, nicolae_shop_stone
Elf:1:    minmay_elf_arrival_summoners, layout_loops_corners,
          minmay_elf_demonology, uniq_jorgrun

Skill      XL: |  1  2  3  4  5  6  7  8  9 10 11 12 13 14 15 16 |
---------------+-------------------------------------------------+-----
Fighting       | 1 2 3 4 5 6 7 8 9 10 11 | 11.9
Stealth        | 2 3 4 |  4.4
Conjurations   | 5 6 7 8 9 10 11 12 13 | 13.5
Dodging        | 2 3 4 5 6 7 |  7.2
Spellcasting   | 3 4 5 7 8 10 11 12 13 14 15 | 15.9
Short Blades   | 1 3 |  3.1
Translocations | 2 3 5 |  5.6
Maces & Flails | 3 4 5 6 |  6.0
Fire Magic     | 1 2 4 6 |  6.6
Air Magic      | 2 6 8 9 |  9.6
Long Blades    | 2 |  2.6
Unarmed Combat | 1 2 |  2.5
Transmutations | 1 4 5 7 |  7.0
Earth Magic    | 1 4 5 6 |  6.9
Throwing       | 1 |  1.5
Shields        | 1 4 5 |  5.6
Evocations     | 3 |  3.8
Hexes          | |  0.3

Action                   |  1- 3 |  4- 6 |  7- 9 | 10-12 | 13-15 | 16-18 || total
-------------------------+-------+-------+-------+-------+-------+-------++-------
Melee: Dagger            |    30 |    20 |    19 |    59 |       |       ||   128
       Tailslap          |     4 |     2 |     3 |    51 |   157 |    40 ||   257
       Punch             |       |       |     2 |       |     3 |       ||     5
       Demon whip        |       |       |       |   223 |   630 |   184 ||  1037
       Unarmed           |       |       |       |       |     3 |    27 ||    30
Throw: Dart              |       |       |       |    14 |    54 |    12 ||    80
       Boomerang         |       |       |       |       |     3 |       ||     3
 Cast: Magic Dart        |    53 |    50 |   123 |   133 |       |       ||   359
       Searing Ray       |     2 |    10 |    42 |    60 |     7 |       ||   121
       Foxfire           |       |       |       |    71 |    43 |       ||   114
       Fulminant Prism   |       |       |       |     8 |       |       ||     8
       Airstrike         |       |       |       |   169 |   307 |    12 ||   488
       Iskenderun's Myst |       |       |       |    19 |   142 |    34 ||   195
       Sticky Flame      |       |       |       |       |    36 |    19 ||    55
       Fireball          |       |       |       |       |   158 |   175 ||   333
 Abil: Breathe Fire      |       |       |    10 |    52 |    36 |     8 ||   106
Evoke: Condenser vane    |       |       |       |     2 |     2 |     1 ||     5
       Wand              |       |       |       |     1 |     4 |     2 ||     7
  Use: Scroll            |       |       |       |    18 |    11 |     2 ||    31
       Potion            |       |       |       |    13 |       |       ||    13
 Stab: Sleeping          |     1 |       |       |     7 |     3 |     1 ||    12
       Confused          |       |       |       |     1 |       |       ||     1
       Distracted        |       |       |       |       |     1 |       ||     1
Armor: Skin              |    12 |     5 |    32 |   155 |   254 |    63 ||   521
Dodge: Dodged            |    22 |    20 |    42 |   272 |   667 |   272 ||  1295
       Repelled          |       |       |       |       |    14 |    10 ||    24
Block: Kite shield       |       |       |       |       |   312 |   212 ||   524

Table legend: (Time is in decaauts)
 A = Elapsed time spent in this place.
 B = Non-inter-level travel time spent in this place.
 C = Inter-level travel time spent in this place.
 D = Time resting spent in this place.
 E = Time spent auto-exploring this place.
 F = Levels seen in this place.
 G = Mean time per level.
                   A        B        C        D        E       F      G
               +--------+--------+--------+--------+--------+-----+--------+
         Total |  51363 |  49170 |   2193 |  12064 |  30781 |  29 | 1771.1 |
       Dungeon |  28220 |  26871 |   1349 |   6909 |  16562 |  15 | 1881.3 |
          Lair |  10506 |   9979 |    527 |    355 |   8502 |   6 | 1751.0 |
         Swamp |   7250 |   7091 |    159 |   2395 |   3690 |   4 | 1812.5 |
  Orcish Mines |   4699 |   4543 |    156 |   2405 |   1639 |   2 | 2349.5 |
   Elven Halls |    347 |    347 |      0 |      0 |    131 |   1 |  347.0 |
       Ossuary |    339 |    339 |      0 |      0 |    256 |   1 |  339.0 |
               +--------+--------+--------+--------+--------+-----+--------+

Top non-repeatable levels by time:
    D:10: 4199 daAuts
   Orc:2: 3653 daAuts
  Lair:6: 3136 daAuts
     D:9: 3089 daAuts
 Swamp:4: 2851 daAuts
     D:7: 2493 daAuts
     D:1: 2247 daAuts
    D:14: 2213 daAuts
  Lair:4: 1941 daAuts
  Lair:3: 1887 daAuts
    D:13: 1847 daAuts
 Swamp:3: 1734 daAuts
    D:12: 1573 daAuts
     D:8: 1535 daAuts
    D:11: 1529 daAuts
